 Dungeon Sprint DCSS version 0.20-a0-833-gc632bec (webtiles) character file.

3138 Kidiri the Thaumaturge (level 9, -1/55 HPs)
             Began as a Deep Elf Fire Elementalist on Mar 7, 2017.
             Was a High Priest of Vehumet.
             Slain by a killer bee (5 damage)
             ... in the Dungeon (Sprint III: "The Ten Rune Challenge").
             The game lasted 00:08:38 (1457 turns).

Kidiri the Thaumaturge (Deep Elf Fire Elementalist) Turns: 1457, Time: 00:08:40

Health: -1/55      AC:  3    Str:  7    XL:     9   Next: 61%
Magic:  11/28      EV: 18    Int: 24    God:    Vehumet [*****.]
Gold:   35         SH:  0    Dex: 15    Spells: 11/35 levels left

rFire    . . .     SeeInvis .   t - +0 dagger
rCold    . . .     Gourm    .   a - +0 robe
rNeg     . . .     Faith    .   (no shield)
rPois    .         Spirit   .   (no helmet)
rElec    .         Reflect  .   k - +0 cloak
rCorr    .         Harm     .   (no gloves)
MR       .....     NoTele   +   (no boots)
Stlth    ++........             (no amulet)
Regen    0.2/turn               (no ring)
MPRegen  0.3/turn               (no ring)

@: lethally poisoned (-1 -> -3)
A: claws 1, strong 1
a: Renounce Religion


You were in the Dungeon.
You worshipped Vehumet.
Vehumet was extremely pleased with you.
You were not hungry.

You visited 1 branch You collected 35 gold pieces.

Inventory:

Hand Weapons
 t - a +0 dagger (weapon)
Armour
 a - a +0 robe (worn)
 k - a +0 cloak (worn)
Wands
 d - a wand of iceblast (10/15)
 u - a wand of acid (5/15)
Scrolls
 i - a scroll of blinking
 m - a scroll of torment
 n - a scroll of magic mapping {unknown}
 o - 4 scrolls of remove curse
 q - a scroll of holy word {unknown}
Potions
 e - 2 potions of heal wounds
 f - a potion of haste
 g - 2 potions of magic
 h - a potion of berserk rage
 p - 2 potions of flight
Books
 b - a book of Flames

   Spells                             Type                      Level
   a - Flame Tongue                   Conjuration/Fire             1
   b - Throw Flame                    Conjuration/Fire             2
   c - Conjure Flame                  Conjuration/Fire             3
   d - Inner Flame                    Hexes/Fire                   3
   e - Sticky Flame                   Conjuration/Fire             4
   f - Fireball                       Conjuration/Fire             5
Comestibles
 c - 2 bread rations
 j - a royal jelly
 l - 6 chunks of flesh
 s - a fruit


   Skills:
 + Level 6.0 Fighting
 + Level 5.9 Short Blades
 + Level 6.1 Armour
 + Level 9.4 Dodging
 - Level 2.4 Stealth
 * Level 13.7 Spellcasting
 + Level 8.5 Conjurations
 + Level 8.9 Fire Magic
 + Level 6.1 Air Magic
 + Level 6.8 Poison Magic


You had 11 spell levels left.
You knew the following spells:

 Your Spells              Type           Power        Failure   Level  Hunger
a - Flame Tongue          Conj/Fire      #####        1%          1    None
b - Throw Flame           Conj/Fire      ######       1%          2    None
c - Conjure Flame         Conj/Fire      ######..     1%          3    None
d - Inner Flame           Hex/Fire       #####...     1%          3    None
e - Ignite Poison         Fire/Tmut/Pois #####...     1%          3    None
f - Sticky Flame          Conj/Fire      ######..     1%          4    None
g - Fireball              Conj/Fire      ######....   1%          5    ###....
h - Mephitic Cloud        Conj/Pois/Air  ######..     1%          3    None


Dungeon Overview and Level Annotations

Branches:
Dungeon (1/1)

Altars:
Cheibriados
Dithmenos
Elyvilon
Fedhas
Gozag
Hepliaklqana
Kikubaaqudgha
Makhleb
Nemelex Xobeh
Okawaru
Qazlal
Ru
Sif Muna
Trog
Uskayaw
Vehumet
Wu Jian
Xom
Yredelemnul
Zin
The Shining One
Beogh
Jiyva
Lugonu

Annotations:
D exclusion: door


Innate Abilities, Weirdness & Mutations

You have sharp fingernails.
Your muscles are strong. (Str +2)


Message History

The killer bee burns!
The killer bee barely misses you. The killer bee closely misses you.
You feel sick. The killer bee barely misses you.
Unknown command.
The killer bee burns!
You kill the killer bee!
Vehumet accepts your kill.
Unknown command.
Casting: Sticky Flame
Confirm with . or Enter, or press ? or * to list all spells.
Aiming: Sticky Flame
Press: ? - help, Shift-Dir - straight line, f - killer bee
Aim: a killer bee The sticky flame hits the killer bee.
The killer bee is moderately wounded.
The killer bee is covered in liquid flames!
The killer bee burns!
The killer bee stings you.
* * * LOW HITPOINT WARNING * * *
The killer bee stings you.
You die...

##### _#__# )#[_# ##+## ....#
..).# ###'#
#...#+###########################
#...#....#.#.#..@yy#...y..'%%.≈≈#
#...##.#.)#.##)###.#...y.y#.%.≈≈#
#...'##.#)#.##)#††##yy....# yy≈≈≈
+...#...#..#..##..'yyy....#


%yyy ▓▓▓▓▓▓▓▓▓▓▓▓▓▓▓▓▓▓#yy.....# yy% #y......# yy +.......# y #...^...#
##+###### You could see 2 killer bees.

Vanquished Creatures
  Erolcha (D)
  A deep elf mage (D)
  2 redbacks (D)
  A shadow (D)
  A spatial vortex (D)
  A necrophage (D)
  5 two-headed ogres (D)
  A water elemental (D)
  7 killer bees (D)
  Crazy Yiuf (D)
  A wizard (D)
  A jelly (D)
  Jessica (D)
  A necromancer (D)
  3 humans (D)
  A kobold demonologist (D)
  2 oozes (D)
  A rat (D)
32 creatures vanquished.

Vanquished Creatures (others)
  2 draconian scorchers (D)
  6 hellions (D)
  2 yaktaurs (D)
  A killer bee (D)
11 creatures vanquished.

Grand Total: 43 creatures vanquished

Notes
Turn   | Place    | Note
-------+----------+-------------------------------------------
     0 | D        | Kidiri the Deep Elf Fire Elementalist began the quest for the Orb.
     0 | D        | Reached XP level 1. HP: 10/10 MP: 6/6
     7 | D        | Reached skill level 4 in Spellcasting
     7 | D        | Reached XP level 2. HP: 16/16 MP: 1/9
    11 | D        | Learned a level 2 spell: Throw Flame
    77 | D        | Reached skill level 1 in Fighting
    77 | D        | Reached skill level 1 in Armour
    78 | D        | Noticed Jessica
    80 | D        | Killed Jessica
    80 | D        | Reached skill level 5 in Spellcasting
    80 | D        | Reached XP level 3. HP: 20/20 MP: 6/11
    85 | D        | Learned a level 3 spell: Conjure Flame
    89 | D        | Learned a level 3 spell: Inner Flame
   117 | D        | Killed a hellion
   118 | D        | Killed a hellion
   118 | D        | Killed a hellion
   141 | D        | Reached skill level 6 in Spellcasting
   143 | D        | Killed a hellion
   161 | D        | Killed a hellion
   183 | D        | Killed a white draconian scorcher
   196 | D        | Killed a white draconian scorcher
   217 | D        | Killed a yaktaur
   227 | D        | Noticed Crazy Yiuf
   238 | D        | Killed Crazy Yiuf
   238 | D        | Reached XP level 4. HP: 26/26 MP: 7/14
   270 | D        | Gained mutation: Your magical capacity is low. (-10% MP) [potion of mutation]
   270 | D        | Gained mutation: You occasionally shout uncontrollably at your foes. [potion of mutation]
   270 | D        | Gained mutation: You have supernaturally acute eyesight. (SInv) [potion of mutation]
   271 | D        | Lost mutation: You have supernaturally acute eyesight. (SInv) [potion of mutation]
   271 | D        | Lost mutation: You occasionally shout uncontrollably at your foes. [potion of mutation]
   271 | D        | Gained mutation: You are dopey. (Int -2) [potion of mutation]
   271 | D        | Gained mutation: You are resistant to hostile enchantments. (MR+) [potion of mutation]
   272 | D        | Lost mutation: Your magical capacity is low. (-10% MP) [potion of mutation]
   272 | D        | Lost mutation: You are dopey. (Int -2) [potion of mutation]
   272 | D        | Lost mutation: You are resistant to hostile enchantments. (MR+) [potion of mutation]
   272 | D        | Gained mutation: You tend to lose your temper in combat. [potion of mutation]
   272 | D        | Gained mutation: You are weak. (Str -2) [potion of mutation]
   272 | D        | Gained mutation: Your spells are a little harder to cast, but a little more powerful. [potion of mutation]
   273 | D        | Lost mutation: Your spells are a little harder to cast, but a little more powerful. [potion of mutation]
   273 | D        | Lost mutation: You are weak. (Str -2) [potion of mutation]
   273 | D        | Lost mutation: You tend to lose your temper in combat. [potion of mutation]
   273 | D        | Gained mutation: You are robust. (+10% HP) [potion of mutation]
   273 | D        | Gained mutation: You are surrounded by a mild repulsion field. (EV +2) [potion of mutation]
   273 | D        | Gained mutation: You possess an exceptional clarity of mind. [potion of mutation]
   274 | D        | Lost mutation: You are surrounded by a mild repulsion field. (EV +2) [potion of mutation]
   274 | D        | Lost mutation: You are robust. (+10% HP) [potion of mutation]
   274 | D        | Lost mutation: You possess an exceptional clarity of mind. [potion of mutation]
   274 | D        | Gained mutation: Your muscles are strong. (Str +2) [potion of mutation]
   274 | D        | Gained mutation: You have sharp fingernails. [potion of mutation]
   298 | D        | Noticed a water elemental
   302 | D        | Killed a water elemental
   302 | D        | Reached skill level 5 in Dodging
   302 | D        | Reached skill level 7 in Spellcasting
   302 | D        | Reached skill level 5 in Fire Magic
   302 | D        | Reached XP level 5. HP: 31/31 MP: 9/17
   308 | D        | Learned a level 4 spell: Sticky Flame
   314 | D        | Learned a level 5 spell: Fireball
   351 | D        | Killed a hellion
   353 | D        | Found a radiant altar of Vehumet.
   354 | D        | Found a deep blue altar of Sif Muna.
   354 | D        | Found an ancient bone altar of Kikubaaqudgha.
   357 | D        | Reached skill level 8 in Spellcasting
   369 | D        | Became a worshipper of Vehumet
   456 | D        | Learned a level 3 spell: Mephitic Cloud
   475 | D        | Found a glowing silver altar of Zin.
   476 | D        | Found a glowing golden altar of the Shining One.
   476 | D        | Found a white marble altar of Elyvilon.
   476 | D        | Noticed a deep elf mage
   483 | D        | Killed a deep elf mage
   483 | D        | Reached skill level 10 in Spellcasting
   483 | D        | Reached skill level 5 in Conjurations
   483 | D        | Reached XP level 6. HP: 27/38 MP: 9/21
   483 | D        | Reached XP level 7. HP: 31/43 MP: 9/23
   568 | D        | Found a hide-covered altar of Uskayaw.
   568 | D        | Found a roughly hewn altar of Beogh.
   568 | D        | Found an iron altar of Okawaru.
   568 | D        | Found a bloodstained altar of Trog.
   568 | D        | Found an ornate altar of the Wu Jian Council.
   568 | D        | Noticed a human
   571 | D        | Killed a human
   572 | D        | Noticed a human
   579 | D        | Killed a human
   579 | D        | Reached * piety under Vehumet
   579 | D        | Offered knowledge of Freeze by Vehumet.
   579 | D        | Reached skill level 11 in Spellcasting
   726 | D        | Found a basalt altar of Yredelemnul.
   726 | D        | Found a shadowy altar of Dithmenos.
   726 | D        | Found a sacrificial altar of Ru.
   791 | D        | Offered knowledge of Searing Ray by Vehumet.
   791 | D        | Reached ** piety under Vehumet
   791 | D        | Reached XP level 8. HP: 48/48 MP: 20/25
   885 | D        | Found a blossoming altar of Fedhas.
   885 | D        | Found a stormy altar of Qazlal.
   885 | D        | Found a snail-covered altar of Cheibriados.
   885 | D        | Found a burning altar of Makhleb.
   885 | D        | Found a shimmering altar of Xom.
   886 | D        | Found a hazy altar of Hepliaklqana.
   886 | D        | Found an opulent altar of Gozag.
   886 | D        | Found a sparkling altar of Nemelex Xobeh.
   886 | D        | Found a corrupted altar of Lugonu.
   886 | D        | Found a viscous altar of Jiyva.
   904 | D        | Reached skill level 5 in Fighting
   904 | D        | Reached skill level 5 in Armour
   904 | D        | Reached skill level 5 in Poison Magic
   926 | D        | Reached *** piety under Vehumet
  1032 | D        | Offered knowledge of Ignite Poison by Vehumet.
  1032 | D        | Reached skill level 12 in Spellcasting
  1037 | D        | Learned a level 3 spell: Ignite Poison
  1050 | D        | Killed a yaktaur
  1066 | D        | Noticed a two-headed ogre
  1080 | D        | Killed a two-headed ogre
  1080 | D        | Offered knowledge of Iskenderun's Mystic Blast by Vehumet.
  1080 | D        | Reached skill level 5 in Air Magic
  1102 | D        | Noticed a two-headed ogre
  1118 | D        | Killed a two-headed ogre
  1118 | D        | Reached skill level 5 in Short Blades
  1254 | D        | Noticed Erolcha
  1274 | D        | Reached **** piety under Vehumet
  1274 | D        | Reached XP level 9. HP: 27/54 MP: 14/27
  1282 | D        | Offered knowledge of Dazzling Spray by Vehumet.
  1286 | D        | Killed Erolcha
  1286 | D        | Reached skill level 13 in Spellcasting
  1449 | D        | Reached ***** piety under Vehumet
  1449 | D        | Offered knowledge of Conjure Ball Lightning by Vehumet.
  1457 | D        | Slain by a killer bee

Vault maps used:
D:        dungeon_sprint_mu

Skill      XL: |  1  2  3  4  5  6  7  8  9 |
---------------+----------------------------+-----
Dodging        | 3 4 5 7 8 9 |  9.4
Spellcasting   | 4 5 6 7 10 11 12 13 | 13.7
Fighting       | 1 2 4 5 6 |  6.0
Armour         | 1 2 4 5 6 |  6.1
Conjurations   | 2 3 4 5 6 7 8 |  8.5
Fire Magic     | 4 5 6 7 8 |  8.9
Short Blades   | 3 5 |  5.9
Air Magic      | 3 4 5 6 |  6.1
Poison Magic   | 3 4 5 6 |  6.8
Stealth        | |  2.4

Action                   |  1- 3 |  4- 6 |  7- 9 || total
-------------------------+-------+-------+-------++-------
Melee: Dagger            |       |     1 |     4 ||     5
       Unarmed           |       |     1 |       ||     1
 Cast: Flame Tongue      |    22 |     5 |    47 ||    74
       Throw Flame       |     1 |       |     1 ||     2
       Conjure Flame     |       |     1 |     5 ||     6
       Sticky Flame      |       |     3 |    15 ||    18
       Mephitic Cloud    |       |     1 |     7 ||     8
       Ignite Poison     |       |       |     4 ||     4
       Fireball          |       |       |     1 ||     1
       Inner Flame       |       |       |     1 ||     1
  Use: Potion            |       |     5 |     1 ||     6
       Scroll            |       |     2 |       ||     2
 Stab: Sleeping          |       |     2 |     1 ||     3
  Eat: Chunk             |       |       |     2 ||     2
Armor: Robe              |       |       |     1 ||     1
Dodge: Dodged            |     6 |       |    43 ||    49
